 Seeded DCSS version 0.30-a0-857-gcaf70739d4 (webtiles) character file.

Game seed: 18242870539230726858 (custom seed)

41 bmack86 the Trooper (level 3, 0/33 HPs)
             Began as a Minotaur Fighter on Mar 6, 2023.
             Slain by Sigmund
             ... wielding a +0 scythe
              (2 damage)
             ... on level 2 of the Dungeon.
             The game lasted 00:03:19 (1023 turns).

bmack86 the Trooper (Minotaur Fighter)              Turns: 1023, Time: 00:03:20

Health: 0/33       AC: 10    Str: 22    XL:     3   Next: 32%
Magic:  2/2        EV:  9    Int:  5    God:
Gold:   57         SH:  4    Dex:  9    Spells: 2/2 levels left

rFire   . . .      SeeInvis .    a - +0 war axe
rCold   . . .      Faith    .    c - +0 buckler
rNeg    . . .      Spirit   .    b - +0 scale mail
rPois   +          Reflect  .    (helmet restricted)
rElec   .          Rampage  .    (no cloak)
rCorr   .                        (no gloves)
Will    .....                    j - +2 pair of boots {Fly} Stlth
                                 (no amulet)
HPRegen 0.25/turn                k - ring of poison resistance
MPRegen 0.08/turn                (no ring)

@: mighty, flying
A: horns 2, retaliatory headbutt
a: no special abilities


You were on level 2 of the Dungeon.
You visited 1 branch of the dungeon, and saw 2 of its levels.

You collected 81 gold pieces.
You spent 24 gold pieces at shops.

Inventory:

Hand Weapons
 a - a +0 war axe (weapon)
Armour
 b - a +0 scale mail (worn)
 c - a +0 buckler (worn)
 j - a +2 pair of boots of flying (worn)
Jewellery
 k - a ring of poison resistance (left hand)
Scrolls
 h - 2 scrolls of vulnerability {unknown}
Potions
 e - 2 potions of attraction
 g - 2 potions of mutation


   Skills:
 + Level 4.0 Fighting
 * Level 3.5 Axes
 + Level 4.0 Armour
 + Level 4.0 Shields


You had 2 spell levels left.
You didn't know any spells.
Your spell library contained the following spells:

 Spells                   Type           Power      Damage    Failure   Level
 Magic Dart               Conj           0%         1d3       87%         1
 Call Imp                 Summ           0%         N/A       95%         2
 Mephitic Cloud           Conj/Pois/Air  0%         N/A       99%         3


Dungeon Overview and Level Annotations

Branches:
Dungeon (2/15)

Altars:

Shops:
D:1 ((*[*

Annotations:
D:2 Sigmund


Innate Abilities, Weirdness & Mutations

You have a pair of horns on your head.
You reflexively headbutt those who attack you in melee.


Message History

You slash something! You slash the hobgoblin!
You kill the hobgoblin!
You barely miss the ball python. Something completely misses you.
The ball python barely misses you. The ball python grabs you.
The ball python constricts you.
You miss something. You completely miss the frilled lizard.
You closely miss the ball python.
The ball python bites you but does no damage.
The ball python constricts you. The frilled lizard bites you.
You block something's attack.
The ball python bites you but does no damage.
The ball python constricts you.
You closely miss something. Your headbutt misses something.
You barely miss the ball python. You slash the frilled lizard!
You kill the frilled lizard!
The ball python bites you but does no damage.
The ball python constricts you. Something hits you.
You miss something. You slash the ball python!
You kill the ball python!
You slash the goblin!
You kill the goblin!
Something hits you.
You barely miss something. Your headbutt misses something. You slash the rat!
You kill the rat!
Something hits you.
You miss something. Something hits you but does no damage.
You barely miss something. You hit something. You block something's attack.
You slash something! Something hits you.
You barely miss something.
You hear some strange, mumbled words.
A puff of flame appears from out of thin air!
The puff of flame misses you. Something hits you but does no damage.
You barely miss something. You barely miss something. Something hits you.
* * * LOW HITPOINT WARNING * * *
You closely miss something. Something hits you.
* * * LOW HITPOINT WARNING * * *
You barely miss something. Your headbutt misses something. Something hits you.
You die...

#### ####.....
#<...# ##.####
#...############
#.#..........@{.#
##.#.##..##.).$.#
##...#.##.####.....
##....#.. .....#
#..##.#. #...#
#.##..## ...#
#.#..#$ ..# #..# b
.#


There were no monsters in sight!

Vanquished Creatures
  An adder (D:2)
  A dart slug (D:1)
  2 ball pythons
  An endoplasm (D:1)
  2 giant cockroaches (D:1)
  4 goblins
  2 hobgoblins
  3 bats (D:1)
  12 frilled lizards
  A kobold (D:1)
  5 rats
34 creatures vanquished.

Vanquished Creatures (others)
  7 plants (D:1)
7 creatures vanquished.

Grand Total: 41 creatures vanquished

Notes
Turn   | Place    | Note
-------+----------+-------------------------------------------
     0 | D:1      | bmack86 the Minotaur Fighter began the quest for the Orb.
     0 | D:1      | Reached XP level 1. HP: 19/19 MP: 0/0
   238 | D:1      | Reached XP level 2. HP: 26/27 MP: 1/1
   239 | D:1      | Found Iczoal's Antique Armour Shop.
   329 | D:1      | Found Mazynewu's Weapon Shoppe.
   373 | D:1      | Found Mapt's Weapon Shop.
   435 | D:1      | Found Ridunu's General Store.
   574 | D:1      | Found Gaux's General Store.
   581 | D:1      | Bought a scroll of identify for 24 gold pieces
   997 | D:2      | Noticed Sigmund
  1008 | D:2      | Reached XP level 3. HP: 31/33 MP: 2/2
  1023 | D:2      | Slain by Sigmund

Illustrated notes

Levels and vault maps discovered:
D:1:      dpeg_arrival_stone_temple_mockup, layout_basic, serial_shops, shop,
          shop_statue, shop_statue, nicolae_shop_advertising_works
          [nicolae_subvault_shop_adworks], nicolae_shop_bloodbath_and_beyond,
          minmay_lizard_king
D:2:      layout_loops_ring, serial_shops, nicolae_lakefront_shop,
          minmay_pentomino_pile, uniq_sigmund

Skill      XL: |  1  2 |
---------------+-------+-----
Axes           | 3 |  3.5
Fighting       | 4 |  4.0
Armour         | 4 |  4.0
Shields        | 4 |  4.0

Action                     || total
---------------------------++-------
  Melee: War axe           ||    60
         Headbutt          ||     2
    Use: Scroll            ||     3
         Potion            ||     1
 Armour: Scale mail        ||    36
  Dodge: Dodged            ||    27
  Block: Buckler           ||    18

Table legend: (Time is in decaauts)
 A = Elapsed time spent in this place.
 B = Non-inter-level travel time spent in this place.
 C = Inter-level travel time spent in this place.
 D = Time resting spent in this place.
 E = Time spent auto-exploring this place.
 F = Levels seen in this place.
 G = Mean time per level.
                   A        B        C        D        E       F      G
               +--------+--------+--------+--------+--------+-----+--------+
         Total |   1044 |   1030 |     14 |      0 |    726 |   2 |  522.0 |
       Dungeon |   1044 |   1030 |     14 |      0 |    726 |   2 |  522.0 |
               +--------+--------+--------+--------+--------+-----+--------+

Top non-repeatable levels by time:
     D:1: 1008 daAuts
     D:2: 36 daAuts
